 Dungeon Crawl Stone Soup version 0.32-a0-913-g739538afd8 (webtiles) character file.

Game seed: 11105499903591571366

211 dolemite99 the Chopper (level 5, -1/45 HPs)
             Began as a Mountain Dwarf Fighter on Apr 7, 2024.
             Was a Believer of Zin.
             Slain by a killer bee (4 damage)
             ... on level 7 of the Dungeon.
             The game lasted 00:02:53 (3201 turns).

dolemite99 the Chopper (Mountain Dwarf Fighter)     Turns: 3201, Time: 00:02:54

Health: -1/45      AC:  6    Str: 21    XL:     5   Next: 57%
Magic:  5/5        EV:  9    Int:  8    God:    Zin [**....]
Gold:   119        SH:  4    Dex:  9    Spells: 4/4 levels left

rFire   . . .        D - +0 broad axe
rCold   + + .        c - +0 buckler
rNeg    . . .        C - +1 ring mail {rC+}
rPois   .            (no helmet)
rElec   .            (no cloak)
rCorr   .            (no gloves)
SInv    .            (no boots)
Will    .....        (no amulet) Stlth
                     g - ring of protection from cold
HPRegen 0.27/turn    (no ring)
MPRegen 0.09/turn

%: no passive effects
@: mighty, lethally poisoned (-1 -> -18)
A: runic magic, artefact enchanting
a: Renounce Religion, Recite, Vitalisation, Donate Gold


You were on level 7 of the Dungeon.
You worshipped Zin.
Zin was pleased with you.
You visited 1 branch of the dungeon, and saw 5 of its levels.

You collected 132 gold pieces.
You donated 13 gold pieces to Zin.

Inventory:

Hand Weapons
 a - a +0 war axe
 D - a +0 broad axe (weapon)
Missiles
 B - 4 poisoned darts (quivered)
Armour
 b - a +0 scale mail
 c - a +0 buckler (worn)
 C - a +1 ring mail of cold resistance (worn)
Jewellery
 g - a ring of protection from cold (left hand)
 k - a ring of see invisible
 n - a +4 ring of protection
 s - a ring of resist corrosion
 t - a +6 ring of dexterity
 w - a +4 ring of protection
Wands
 o - a wand of roots (6)
Scrolls
 f - a scroll of revelation {unknown}
 h - 7 scrolls of identify {unknown}
 i - a scroll of poison {unknown}
 j - a scroll of fear {unknown}
 l - 2 scrolls of blinking {unknown}
 p - a scroll of noise {unknown}
 q - a scroll of enchant weapon {unknown}
 u - a scroll of enchant armour {unknown}
 x - a scroll of teleportation {unknown}
 y - 2 scrolls of fog {unknown}
 z - a scroll of vulnerability {unknown}
 A - a scroll of amnesia {unknown}
Potions
 e - 2 potions of curing {unknown}
 m - a potion of berserk rage {unknown}
 r - a potion of invisibility {unknown}
 v - a potion of lignification {unknown}


   Skills:
 - Level 3.3 Fighting
 + Level 7.0 Axes
 - Level 3.3 Armour
 - Level 3.3 Shields


You had 4 spell levels left.
You didn't know any spells.
Your spell library contained the following spells:

 Spells                   Type           Power      Damage    Failure   Level
 Sandblast                Erth           0%         2d4       52%         1
 Inner Flame              Hex/Fire       0%         N/A       87%         3
 Stone Arrow              Conj/Erth      0%         3d7       87%         3
 Summon Ice Beast         Ice/Summ       0%         N/A       87%         3
 Brom's Barrelling Bould  Conj/Erth      0%         2d3       99%         4
 Flame Wave               Conj/Fire      0%         2d4       99%         4
 Sticky Flame             Fire/Alch      0%         2d4       99%         4
 Irradiate                Conj/Alch      0%         3d11      100%        5
 Metabolic Englaciation   Hex/Ice        0%         N/A       100%        5


Dungeon Overview and Level Annotations

Branches:
Dungeon (4/15)
 Temple: D:4-7

Altars:
Zin


Innate Abilities, Weirdness & Mutations

Your spellcasting is much less encumbered by armour.
You can use scrolls of enchantment on lesser artefacts.


Message History

2 killer bees come into view.
Found a viscous yellow potion, a polished short sword and a runed flail.
The killer bee buzzes angrily. x2
There is an open door here.
You feel very mighty all of a sudden.
The killer bee stings you but does no damage.
The killer bee barely misses you. The killer bee stings you.
You block the killer bee's attack.
You barely miss the killer bee. You miss the killer bee.
You closely miss the killer bee. The killer bee closely misses you.
The killer bee stings you but does no damage.
The killer bee closely misses you. The killer bee stings you.
You block the killer bee's attack. The killer bee stings you.
The killer bee stings you but does no damage. x2
The killer bee stings you.
You slash the killer bee!
The killer bee is heavily wounded.
You miss the killer bee. You closely miss the killer bee.
The killer bee stings you. The killer bee closely misses you.
The killer bee barely misses you.
The killer bee stings you but does no damage.
The killer bee stings you.
You are poisoned.
The killer bee poisons you! The killer bee stings you.
You are more poisoned.
The killer bee poisons you!
You barely miss the killer bee.
The killer bee is heavily wounded.
You slash the killer bee! You closely miss the killer bee.
You feel very sick. The killer bee stings you.
* * * LOW HITPOINT WARNING * * *
You are more poisoned.
The killer bee poisons you! The killer bee stings you.
* * * LOW HITPOINT WARNING * * *
The killer bee barely misses you. The killer bee closely misses you.
The killer bee stings you.
* * * LOW HITPOINT WARNING * * *
The killer bee stings you.
You die...

#...#
.......#...#############
.......#................
.......#................
.....)!#................
.......#...####..####.##
.......#...####..####.##
......y#.....#..........
......y@.....'..........
......y#.....#..........
.......#.....##....##...
.......#.....##....##...
.......#.....#.....##...
.......#.....#.....##...
....?..#.....#.....#....
...)...#...>.#....(+..
#.....#.....#


You could see 3 killer bees.

Vanquished Creatures
  A sky beast (D:7)
  An orc wizard (D:4)
  4 adders
  3 dart slugs
  2 ribbon worms (D:3)
  3 orcs
  3 ball pythons
  2 endoplasms (D:1)
  3 giant cockroaches
  7 goblins
  3 hobgoblins
  3 kobolds
  A quokka (D:1)
  4 bats
  2 frilled lizards
  4 rats
46 creatures vanquished.

Notes
Turn   | Place    | Note
-------+----------+-------------------------------------------
     0 | D:1      | dolemite99 the Mountain Dwarf Fighter began the quest for
                  | the Orb.
     0 | D:1      | Reached XP level 1. HP: 19/19 MP: 1/1
   125 | D:1      | Reached skill level 3 in Axes
   125 | D:1      | Reached XP level 2. HP: 26/26 MP: 2/2
   769 | D:2      | Found a faded altar of an unknown god.
   781 | D:2      | Prayed at the altar of an unknown god.
   781 | D:2      | Became a worshipper of Zin the Law-Giver
   781 | D:2      | Reached * piety under Zin
  1000 | D:2      | Reached skill level 4 in Axes
  1000 | D:2      | Reached XP level 3. HP: 20/31 MP: 3/3
  1993 | D:3      | Reached skill level 5 in Axes
  2004 | D:3      | Reached ** piety under Zin
  2047 | D:3      | Reached XP level 4. HP: 38/38 MP: 4/4
  2969 | D:4      | You fall into a shaft and drop 3 floors!
  2974 | D:7      | Noticed a water moccasin
  2997 | D:7      | Noticed a sky beast
  3002 | D:7      | Got the Incunabulum of Iced Conjuring
  3023 | D:7      | Killed a sky beast
  3024 | D:7      | Reached skill level 7 in Axes
  3024 | D:7      | Reached XP level 5. HP: 35/45 MP: 5/5
  3201 | D:7      | Slain by a killer bee

Illustrated notes

Levels and vault maps discovered:
D:1:      kennysheep_arrival_seaside, layout_loops_ring
D:2:      layout_basic, dreamdust_ecumenical_altar_grove
D:3:      layout_rooms, minmay_circle_x
D:4:      minmay_skewed_foursquare, layout_rooms,
          minmay_temple_entry_from_below_a, hellmonk_ghost_happy_afterlife,
          nicolae_wooded_promenade
D:7:      layout_gridville

Skill      XL: |  1  2  3  4 |
---------------+-------------+-----
Axes           | 3 4 5 7 |  7.0
Fighting       | |  3.3
Armour         | |  3.3
Shields        | |  3.3

Action                     |  1- 3 |  4- 6 || total
---------------------------+-------+-------++-------
  Melee: War axe           |   107 |    56 ||   163
         Broad axe         |       |     3 ||     3
  Throw: Dart              |       |     1 ||     1
    Use: Potion            |       |     1 ||     1
 Armour: Scale mail        |    95 |    66 ||   161
         Ring mail         |       |    16 ||    16
  Dodge: Dodged            |    30 |    26 ||    56
  Block: Buckler           |    20 |     9 ||    29

Table legend: (Time is in decaauts)
 A = Elapsed time spent in this place.
 B = Non-inter-level travel time spent in this place.
 C = Inter-level travel time spent in this place.
 D = Time resting spent in this place.
 E = Time spent auto-exploring this place.
 F = Levels seen in this place.
 G = Mean time per level.
                   A        B        C        D        E       F      G
               +--------+--------+--------+--------+--------+-----+--------+
         Total |   3254 |   3187 |     67 |    882 |   1699 |   5 |  650.8 |
       Dungeon |   3254 |   3187 |     67 |    882 |   1699 |   5 |  650.8 |
               +--------+--------+--------+--------+--------+-----+--------+

Top non-repeatable levels by time:
     D:2: 1124 daAuts
     D:1: 764 daAuts
     D:4: 598 daAuts
     D:3: 532 daAuts
     D:7: 234 daAuts
